 Dungeon Crawl Stone Soup version 0.28.0-53-g5a82cb258f (webtiles) character file.

Game seed: 8796768874680413344

48 DildoBatman the Conjurer (level 4, -1/31 HPs)
             Began as a Formicid Conjurer on July 3, 2022.
             Slain by a scorpion (2 damage)
             ... on level 4 of the Dungeon.
             The game lasted 00:03:32 (1088 turns).

DildoBatman the Conjurer (Formicid Conjurer)        Turns: 1088, Time: 00:03:32

Health: -1/31      AC:  3    Str: 12    XL:     4   Next: 0%
Magic:  3/7        EV: 12    Int: 17    God:
Gold:   96         SH:  0    Dex: 11    Spells: 4/7 levels left

rFire   . . .      SeeInvis +   e - +0 mace
rCold   . . .      Faith    .   (no shield)
rNeg    . . .      Spirit   .   a - +0 robe
rPois   .          Reflect  .   (helmet unavailable)
rElec   .          Harm     .   (no cloak)
rCorr   .          Rampage  .   (no gloves)
Will    .....                   f - +0 pair of boots
Stlth   ++........              (no amulet)
HPRegen 0.10/turn               (no ring)
MPRegen 0.10/turn               (no ring)

@: lethally poisoned (-1 -> -5)
A: permanent stasis, dig shafts and tunnels, antennae 3, four strong arms
a: Dig, Shaft Self


You were on level 4 of the Dungeon.
You visited 1 branch of the dungeon, and saw 3 of its levels.

You collected 96 gold pieces.

Inventory:

Hand Weapons
 d - a +0 club
 e - a +0 mace (weapon)
Missiles
 c - 32 arrows
 l - 2 stones
Armour
 a - a +0 robe (worn)
 f - a +0 pair of boots (worn)
Magical Staves
 k - a staff of cold
Scrolls
 g - a scroll of amnesia {unknown}
 h - a scroll of summoning {unknown}
 i - a scroll of vulnerability {unknown}
Potions
 b - a potion of degeneration {unknown}
 j - a potion of brilliance {unknown}


   Skills:
 * Level 0.4 Fighting
 * Level 0.4 Armour
 - Level 1.7 Dodging
 - Level 2.4 Stealth
 * Level 2.3 Spellcasting
 * Level 4.6 Conjurations


You had 4 spell levels left.
You knew the following spells:

 Your Spells              Type           Power      Damage    Failure   Level
a - Searing Ray           Conj           34%        2d5       4%          2
c - Magic Dart            Conj           68%        1d6       2%          1

Your spell library contained the following spells:

 Spells                   Type           Power      Damage    Failure   Level
 Dazzling Flash           Conj/Hex       18%        N/A       22%         3
 Fulminant Prism          Conj/Hex       4%         3d6       58%         4
 Iskenderun's Mystic Bla  Conj/Tloc      9%         2d4       58%         4


Dungeon Overview and Level Annotations

Branches:
Dungeon (2/15)

Altars:

Shops:
D:1 (


Innate Abilities, Weirdness & Mutations

You cannot be hasted, slowed, berserked, paralysed or teleported.
You can dig through walls and to a lower floor.
You have a pair of large antennae on your head. (SInv)
Your four strong arms can wield two-handed weapons with a shield.


Message History

t - Shout!
Orders for allies: a - Attack new target. r - Retreat! s - Stop attacking. g - Guard the area. f - Follow me.
Anything else - Cancel.
You shout for attention!
You feel sick. The scorpion misses you. The scorpion barely misses you.
What are your orders? t - Shout!
Orders for allies: a - Attack new target. r - Retreat! s - Stop attacking. g - Guard the area. f - Follow me.
Anything else - Cancel.
You shout for attention!
You feel sick.
A kobold comes into view. It is wielding a +0 whip.
The scorpion stings you. What are your orders? t - Shout!
Orders for allies: a - Attack new target. r - Retreat! s - Stop attacking. g - Guard the area. f - Follow me.
Anything else - Cancel.
You shout for attention!
You feel sick. The kobold barely misses you. The scorpion stings you.
What are your orders? t - Shout!
Orders for allies: a - Attack new target. r - Retreat! s - Stop attacking. g - Guard the area. f - Follow me.
Anything else - Cancel.
You shout for attention!
You feel sick. The kobold barely misses you. The scorpion stings you.
You die...

...# ...
... ..
.##
##..#####
#sK......
#@# #.#
#.# #.#
#.. ##. #


You could see a scorpion and a kobold.

Vanquished Creatures
  3 dart slugs
  2 endoplasms (D:1)
  3 giant cockroaches
  3 goblins
  4 hobgoblins (D:1)
  4 jackals (D:1)
  2 kobolds (D:2)
  A quokka (D:2)
  7 ball pythons (D:1)
  4 bats
  2 frilled lizards (D:1)
  3 rats (D:1)
38 creatures vanquished.

Notes
Turn   | Place    | Note
-------+----------+-------------------------------------------
     0 | D:1      | DildoBatman the Formicid Conjurer began the quest for the
                  | Orb.
     0 | D:1      | Reached XP level 1. HP: 13/13 MP: 3/3
    32 | D:1      | Found a faded altar of an unknown god.
   122 | D:1      | Reached XP level 2. HP: 19/19 MP: 3/5
   125 | D:1      | Learned a level 2 spell: Searing Ray
   125 | D:1      | Found Poino's Weapon Shoppe.
   132 | D:1      | Reached skill level 4 in Conjurations
   295 | D:1      | Reached XP level 3. HP: 4/22 MP: 0/6
   803 | D:1      | Found a faded altar of an unknown god.
  1073 | D:2      | Reached XP level 4. HP: 31/31 MP: 2/7
  1075 | D:2      | You fall into a shaft and drop 2 floors!
  1075 | D:4      | Noticed a scorpion
  1088 | D:4      | HP: 1/31 [poisoned by a scorpion]
  1088 | D:4      | Slain by a scorpion

Illustrated notes

Levels and vault maps discovered:
D:1:      eino_arrival_water_star, layout_rooms, serial_shops,
          nicolae_shop_bloodbath_and_beyond,
          hellmonk_ecumenical_altar_the_god_not_taken, minmay_cupped
D:2:      layout_basic
D:4:      layout_rooms

Skill      XL: |  1  2 |
---------------+-------+-----
Conjurations   | 4 |  4.6
Fighting       | |  0.4
Armour         | |  0.4
Dodging        | |  1.7
Stealth        | |  2.4
Spellcasting   | |  2.3

Action                   |  1- 3 |  4- 6 || total
-------------------------+-------+-------++-------
Melee: Club              |     2 |       ||     2
       Mace              |    25 |       ||    25
 Cast: Magic Dart        |    36 |       ||    36
       Searing Ray       |     7 |       ||     7
 Abil: Dig               |     1 |       ||     1
       Shaft Self        |       |     1 ||     1
Armor: Robe              |    17 |     1 ||    18
Dodge: Dodged            |    33 |     5 ||    38
